 Dungeon Crawl Stone Soup version 0.27.0-1-g7a089689b8 (webtiles) character file.

Game seed: 13902557062850119573

72 dolemite99 the Poker (level 4, -1/33 HPs)
             Began as a Merfolk Gladiator on Aug 3, 2021.
             Was a Follower of Okawaru.
             Slain by a gnoll (4 damage)
             ... on level 2 of the Dungeon.
             The game lasted 00:02:15 (2066 turns).

dolemite99 the Poker (Merfolk Gladiator)            Turns: 2066, Time: 00:02:15

Health: -1/33      AC:  6    Str: 15    XL:     4   Next: 26%
Magic:  4/4        EV: 12    Int:  7    God:    Okawaru [*.....]
Gold:   17         SH:  0    Dex: 15    Spells: 3/3 levels left

rFire    . . .     SeeInvis .   a - +0 trident
rCold    . . .     Faith    .   (no shield)
rNeg     . . .     Spirit   .   g - +0 ring mail
rPois    .         Reflect  .   c - +0 helmet
rElec    .         Harm     .   (no cloak)
rCorr    .         Rampage  .   (no gloves)
Will     .....                  (no boots)
Stlth    +.........             (no amulet)
HPRegen  0.11/turn              (no ring)
MPRegen  0.09/turn              (no ring)

@: mighty
A: (nimble swimmer 2), mertail
a: Renounce Religion, Heroism


You were on level 2 of the Dungeon.
You worshipped Okawaru.
Okawaru was aware of your devotion.
You visited 1 branch of the dungeon, and saw 2 of its levels.

You collected 67 gold pieces.
You spent 50 gold pieces at shops.

Inventory:

Hand Weapons
 a - a +0 trident (weapon)
 f - a +0 hunting sling
 j - a +1 dagger of protection
Missiles
 d - 3 throwing nets (quivered)
Armour
 b - a +0 leather armour
 c - a +0 helmet (worn)
 g - a +0 ring mail (worn)
Scrolls
 i - 2 scrolls of identify {@r1}
 l - a scroll of teleportation {unknown}
Potions
 e - a potion of attraction {unknown}
 h - 2 potions of lignification


   Skills:
 - Level 2.1 Fighting
 + Level 7.2 Polearms
 - Level 2.0 Throwing
 - Level 4.0 Dodging


You had 3 spell levels left.
You didn't know any spells.
Your spell library contained the following spells:

 Spells                   Type           Power      Damage    Failure   Level
 Slow                     Hex            0%         N/A       80%         2
 Confusing Touch          Hex            0%         N/A       95%         3
 Vampiric Draining        Necr           0%         2d6       95%         3


Dungeon Overview and Level Annotations

Branches:
Dungeon (2/15)

Altars:
Okawaru

Shops:
D:1 !

Annotations:
D:1 exclusion: downstairs


Innate Abilities, Weirdness & Mutations

((You are quick and stealthy near water. (Stealth+, EV+, Speed+++)))
Your lower body shifts to a powerful aquatic tail in water.


Message History

You have reached level 4!
You start resting.
A gnoll is nearby!
A gnoll is nearby!
The gnoll shouts!
You puncture the withered plant!
The withered plant begins to crumble.
The withered plant is lightly damaged.
The withered plant crumbles away.
There is a stone staircase leading up here.
A gnoll is nearby!
You hit the gnoll.
The gnoll is moderately wounded.
The gnoll closely misses you.
The gnoll shouts!
You hear a shout!
You barely miss the gnoll.
The gnoll is moderately wounded.
The gnoll hits you with a +0 whip.
You feel very mighty all of a sudden. The gnoll hits you but does no damage.
The gnoll hits you from afar with a +0 halberd.
You closely miss the gnoll.
The gnoll is moderately wounded.
The gnoll barely misses you.
The gnoll throws a stone.
The stone hits you but does no damage.
The gnoll hits you from afar with a +0 halberd.
You hit the gnoll.
The gnoll is severely wounded.
The gnoll barely misses you. The gnoll misses you.
You puncture the gnoll!
You kill the gnoll!
Okawaru accepts your kill.
The gnoll throws a stone.
The stone closely misses you.
The gnoll hits you from afar with a +0 halberd!
* * * LOW HITPOINT WARNING * * *
The gnoll throws a stone.
The stone hits you but does no damage.
Things that are here:
a +0 whip; 6 gold pieces
There is a stone staircase leading up here.
The gnoll hits you from afar with a +0 halberd.
You die...

##..........####†##...
...
#P..........####.#####..
##
#8.....>...###...........
#.........###............
#P....###.g#............
###...# ##g#............
##### #g#............
#)#............
##@............#
#.............##
#....#.......##
###..##...###.# ##.##...#
. #..#...# #..#..... #...
..# #..


You could see 3 gnolls.

Vanquished Creatures
  A gnoll (D:2)
  3 adders
  8 ball pythons
  A bat (D:1)
  3 endoplasms
  2 giant cockroaches (D:1)
  3 goblins (D:1)
  3 hobgoblins (D:1)
  2 jackals (D:1)
  A quokka (D:1)
  4 frilled lizards
  A giant cockroach zombie (D:2)
  A kobold (D:1)
  3 rats
36 creatures vanquished.

Vanquished Creatures (others)
  A plant (D:1)
  4 withered plants (D:2)
5 creatures vanquished.

Grand Total: 41 creatures vanquished

Notes
Turn   | Place    | Note
-------+----------+-------------------------------------------
     0 | D:1      | dolemite99 the Merfolk Gladiator began the quest for the
                  | Orb.
     0 | D:1      | Reached XP level 1. HP: 16/16 MP: 1/1
   338 | D:1      | Reached skill level 5 in Polearms
   339 | D:1      | Reached XP level 2. HP: 22/22 MP: 2/2
   708 | D:1      | Found a faded altar of an unknown god.
   711 | D:1      | Became a worshipper of Warmaster Okawaru
   711 | D:1      | Reached * piety under Okawaru
   720 | D:1      | Found Fiovuhar's Distillery.
   738 | D:1      | Bought a potion of might for 40 gold pieces
   738 | D:1      | Bought a potion of degeneration for 10 gold pieces
   820 | D:1      | Reached skill level 6 in Polearms
   820 | D:1      | Reached XP level 3. HP: 27/27 MP: 3/3
  1468 | D:2      | Noticed an ogre
  2026 | D:2      | Reached skill level 7 in Polearms
  2026 | D:2      | Reached XP level 4. HP: 21/33 MP: 4/4
  2066 | D:2      | Slain by a gnoll

Illustrated notes

Levels and vault maps discovered:
D:1:      lightli_arrival_flooded_house, layout_loops_cross,
          hellmonk_ecumenical_altar_inner_sanctum, serial_shops,
          nicolae_shop_statue_plus, st_stairs_4
D:2:      minmay_inner_zag, layout_rooms, serial_undead, serial_undead_b,
          serial_undead_f, serial_undead_e, serial_undead_e, minmay_3d_cube

Skill      XL: |  1  2  3 |
---------------+----------+-----
Polearms       | 5 6 7 |  7.2
Fighting       | |  2.1
Throwing       | |  2.0
Dodging        | |  4.0

Action                   |  1- 3 |  4- 6 || total
-------------------------+-------+-------++-------
Melee: Trident           |   118 |     6 ||   124
  Use: Scroll            |     1 |       ||     1
       Potion            |       |     1 ||     1
Armor: Ring mail         |    40 |     3 ||    43
Dodge: Dodged            |    89 |     5 ||    94
